 Dungeon Crawl Stone Soup version 0.29-a0-813-g4a14ea37d6 (webtiles) character file.

Game seed: 9157687551917225443

322 purpskrrrp the Cudgeller (level 6, -1/59 HPs)
             Began as a Troll Fighter on July 4, 2022.
             Was a Believer of Trog.
             Slain by a small abomination (12 damage)
             ... on level 3 of the Dungeon.
             The game lasted 00:07:28 (2722 turns).

purpskrrrp the Cudgeller (Troll Fighter)            Turns: 2722, Time: 00:07:29

Health: -1/59      AC:  5    Str: 27    XL:     6   Next: 22%
Magic:  5/5        EV: 13    Int:  4    God:    Trog [**....]
Gold:   138        SH:  7    Dex:  9    Spells: 5/5 levels left

rFire   . . .      SeeInvis .   a - +0 flail
rCold   . . .      Faith    .   c - +0 kite shield
rNeg    . . .      Spirit   .   b - +0 robe
rPois   .          Reflect  .   (helmet restricted)
rElec   .          Harm     .   j - +0 cloak
rCorr   +          Rampage  .   (gloves unavailable)
Will    .....                   (boots unavailable)
Stlth   +.........              (no amulet)
HPRegen 0.99/turn               d - +4 ring of evasion
MPRegen 0.09/turn               e - ring of resist corrosion

@: on berserk cooldown, slowed, very slow
A: large, unfitting armour, claws 3, regeneration 1, shaggy fur 1, tough skin 1
a: Renounce Religion, Berserk, Trog's Hand


You were on level 3 of the Dungeon.
You worshipped Trog.
Trog was pleased with you.
You visited 1 branch of the dungeon, and saw 3 of its levels.

You collected 138 gold pieces.

Inventory:

Hand Weapons
 a - a +0 flail (weapon)
Armour
 b - a +0 robe (worn)
 c - a +0 kite shield (worn)
 j - a +0 cloak (worn)
Jewellery
 d - a +4 ring of evasion (left claw)
 e - a ring of resist corrosion (right claw)
Scrolls
 g - a scroll of fog
 o - a scroll of fear {unknown}
 q - a scroll of identify {unknown}
Potions
 f - a potion of haste {unknown}
 h - a potion of mutation {unknown}
 i - a potion of resistance {unknown}
 k - 2 potions of curing {unknown}
 l - a potion of attraction {unknown}
 m - a potion of cancellation {unknown}
 n - 2 potions of flight {unknown}
 p - a potion of ambrosia {unknown}


   Skills:
 + Level 2.9 Fighting
 * Level 4.7 Maces & Flails
 + Level 3.0 Dodging
 * Level 3.6 Shields


You had 5 spell levels left.
You didn't know any spells.
Your spell library contained the following spells:

 Spells                   Type           Power      Damage    Failure   Level
 Sting                    Tmut/Pois      0%         1d3       80%         1
 Poisonous Vapours        Pois/Air       0%         N/A       90%         2
 Olgreb's Toxic Radiance  Pois           0%         N/A       100%        4


Dungeon Overview and Level Annotations

Branches:
Dungeon (3/15)

Altars:
Trog

Shops:
D:3 :

Portals:
Abyss: D:3

Annotations:
D:3 1 transporter, zhov's ghost, amateur MiHu


Innate Abilities, Weirdness & Mutations

You are too large for most types of armour.
You have claws for hands.
Your natural rate of healing is unusually fast.
You are covered in fur. (AC +1)
You have tough skin. (AC +1)


Message History

The small abomination barely misses you.
You sock the small abomination!
The small abomination is severely damaged.
The small abomination hits you. You block the white imp's attack.
You block the small abomination's attack.
The white imp gestures at you. The puff of frost misses you.
The small abomination hits you!
You closely miss the small abomination.
The small abomination is severely damaged.
The white imp hits you but does no damage.
The small abomination misses you. The white imp barely misses you.
You block the small abomination's attack.
You closely miss the small abomination.
The small abomination is severely damaged.
Your skin stops crawling.
You feel less strong-willed. The small abomination hits you.
The white imp gestures at you. The puff of frost hits you.
The small abomination closely misses you.
The white imp hits you. The white imp freezes you.
You block the small abomination's attack.
You closely miss the small abomination.
The small abomination is severely damaged.
The small abomination hits you but does no damage.
You block the white imp's attack.
The small abomination barely misses you.
The white imp hits you. The white imp freezes you.
You barely miss the small abomination.
The small abomination is severely damaged.
The small abomination barely misses you.
You block the white imp's attack.
The small abomination closely misses you.
The white imp hits you but does no damage.
You block the small abomination's attack.
You barely miss the small abomination.
The small abomination is severely damaged.
The small abomination hits you!
* * * LOW HITPOINT WARNING * * *
The white imp barely misses you. The small abomination hits you!
You die...

#.....©...............##.
#....###.......####...##.
#...##.###...###W##...##.
#...#:## #..##..5##....#.
#...##.. ####..#.#.....#.
#....##.#.....##.##....#.
#.....##.#.∩###^..##...#. #####
#......#©#..).# #..#...#. ....#
###...###@x.###.##.##..... ....#
#....##.5.###.##W.##...... ....#
#....##..##....#.$##...... ....#
#)...##.##...###...##..... ....#
#....##.##..##...^#.#....> ....#
#.....#.^#..#55#x..##.....
....####.....#x##..###.####....##
....'.##.....###....####......##
....#.####....©......##.......#


You could see a small abomination and a white imp.

Vanquished Creatures
  Grinder (D:3)
  An orc priest (D:3)
  An orc wizard (D:3)
  Robin (D:2)
  An adder (D:3)
  3 dart slugs
  5 orcs (D:3)
  3 bats
  4 endoplasms
  3 giant cockroaches
  7 goblins
  10 hobgoblins
  A quokka (D:2)
  5 ball pythons
  2 frilled lizards
  3 kobolds
  4 rats
55 creatures vanquished.

Vanquished Creatures (others)
  A plant (D:1)
1 creature vanquished.

Grand Total: 56 creatures vanquished

Notes
Turn   | Place    | Note
-------+----------+-------------------------------------------
     0 | D:1      | purpskrrrp the Troll Fighter began the quest for the Orb.
     0 | D:1      | Reached XP level 1. HP: 22/22 MP: 0/0
  1038 | D:1      | Found a faded altar of an unknown god.
  1049 | D:1      | Prayed at the altar of an unknown god.
  1049 | D:1      | Became a worshipper of Trog the Wrathful
  1049 | D:1      | Reached * piety under Trog
  1127 | D:2      | Reached XP level 2. HP: 28/29 MP: 1/1
  1582 | D:2      | Reached skill level 2 in Maces & Flails
  1592 | D:2      | Noticed Robin
  1604 | D:2      | Reached XP level 3. HP: 31/36 MP: 2/2
  1612 | D:2      | Killed Robin
  1762 | D:2      | Reached ** piety under Trog
  1821 | D:3      | Noticed Grinder
  1822 | D:3      | Paralysed by Grinder for 3 turns
  1841 | D:3      | Reached XP level 4. HP: 12/44 MP: 3/3
  1848 | D:3      | Reached skill level 3 in Maces & Flails
  1853 | D:3      | Paralysed by Grinder for 2 turns
  1860 | D:3      | Killed Grinder
  1861 | D:3      | Reached skill level 4 in Maces & Flails
  1861 | D:3      | Reached XP level 5. HP: 11/52 MP: 4/4
  1861 | D:3      | Reached XP level 6. HP: 13/59 MP: 5/5
  1927 | D:3      | Found Wuchien's Book Emporium.
  2281 | D:3      | Noticed zhov's ghost (amateur MiHu)
  2288 | D:3      | Found a one-way gate to the infinite horrors of the Abyss.
  2315 | D:3      | Found a transporter.
  2317 | D:3      | Found a transporter.
  2332 | D:3      | Noticed a small abomination
  2598 | D:3      | Noticed a small abomination
  2722 | D:3      | Slain by a small abomination

Illustrated notes

Levels and vault maps discovered:
D:1:      eino_arrival_cavern_c, layout_loops_corners,
          shapermc_ecumenical_altar_petra
D:2:      minmay_skewed_foursquare, layout_basic, uniq_robin
D:3:      layout_basic, gammafunk_ghost_abyssal_escape, serial_shops, shop,
          uniq_grinder

Skill      XL: |  1  2  3  4 |
---------------+-------------+-----
Shields        | 3 |  3.6
Maces & Flails | 2 4 |  4.7
Dodging        | 3 |  3.0
Fighting       | |  2.9

Action                   |  1- 3 |  4- 6 || total
-------------------------+-------+-------++-------
Melee: Flail             |   118 |    63 ||   181
Invok: Berserk           |       |     1 ||     1
       Trog's Hand       |       |     1 ||     1
  Use: Scroll            |     1 |     1 ||     2
       Potion            |     1 |     1 ||     2
Armor: Robe              |    43 |    17 ||    60
       Skin              |     2 |     4 ||     6
Dodge: Dodged            |    38 |    36 ||    74
Block: Kite shield       |    49 |    24 ||    73

Table legend: (Time is in decaauts)
 A = Elapsed time spent in this place.
 B = Non-inter-level travel time spent in this place.
 C = Inter-level travel time spent in this place.
 D = Time resting spent in this place.
 E = Time spent auto-exploring this place.
 F = Levels seen in this place.
 G = Mean time per level.
                   A        B        C        D        E       F      G
               +--------+--------+--------+--------+--------+-----+--------+
         Total |   2796 |   2522 |    274 |      0 |   2037 |   3 |  932.0 |
       Dungeon |   2796 |   2522 |    274 |      0 |   2037 |   3 |  932.0 |
               +--------+--------+--------+--------+--------+-----+--------+

Top non-repeatable levels by time:
     D:1: 1128 daAuts
     D:3: 952 daAuts
     D:2: 715 daAuts
